 Dungeon Crawl Stone Soup version 0.32-a0-918-g0f22ef8d61 (webtiles) character file.

Game seed: 5480293651649751309

22 CromulentBort the Trooper (level 2, 0/28 HPs)
             Began as a Mountain Dwarf Fighter on Apr 11, 2024.
             Slain by Natasha (3 damage)
             ... on level 2 of the Dungeon.
             The game lasted 00:01:33 (419 turns).

CromulentBort the Trooper (Mountain Dwarf Fighter)   Turns: 419, Time: 00:01:34

Health: 0/28       AC:  6    Str: 18    XL:     2   Next: 68%
Magic:  2/2        EV:  8    Int:  8    God:
Gold:   85         SH:  4    Dex:  9    Spells: 1/1 levels left

rFire   . . .        a - +0 war axe
rCold   . . .        c - +0 buckler
rNeg    . . .        b - +0 scale mail
rPois   .            (no helmet)
rElec   .            (no cloak)
rCorr   .            (no gloves)
SInv    .            (no boots)
Will    .....        (no amulet) Stlth
                     (no ring)
HPRegen 0.24/turn    (no ring)
MPRegen 0.08/turn

%: no passive effects
@: mighty
A: runic magic, artefact enchanting
a: no special abilities


You were on level 2 of the Dungeon.
You visited 1 branch of the dungeon, and saw 2 of its levels.

You collected 85 gold pieces.

Inventory:

Hand Weapons
 a - a +0 war axe (weapon)
 j - a +5 whip of pain
Missiles
 e - 6 poisoned darts (quivered)
Armour
 b - a +0 scale mail (worn)
 c - a +0 buckler (worn)
Scrolls
 f - a scroll of enchant weapon {unknown}
 h - a scroll of identify {unknown}
 i - a scroll of amnesia {unknown}
Potions
 d - a potion of might
 g - a potion of mutation {unknown}


   Skills:
 * Level 4.4 Fighting
 - Level 2.4 Axes
 - Level 3.2 Armour
 - Level 3.2 Shields


You had one spell level left.
You didn't know any spells.
Your spell library was empty.

Dungeon Overview and Level Annotations

Branches:
Dungeon (1/15)

Altars:
Sif Muna

Annotations:
D:2 Natasha


Innate Abilities, Weirdness & Mutations

Your spellcasting is much less encumbered by armour.
You can use scrolls of enchantment on lesser artefacts.


Message History

The cerulean imp attacks as it pursues you!
The cerulean imp hits you but does no damage.
The rat attacks as it pursues you! The rat bites you.
The cerulean imp hits you from afar with a +1 spear.
You barely miss the rat.
The cerulean imp disappears in a puff of smoke!
Natasha casts a spell.
The cerulean imp hits you from afar with a +1 spear.
The rat closely misses you.
You barely miss the rat. The cerulean imp barely misses you.
The rat bites you but does no damage. You block the cerulean imp's attack.
The rat bites you but does no damage.
The cerulean imp hits you but does no damage.
You barely miss the rat.
The cerulean imp hits you but does no damage.
You block the cerulean imp's attack. The rat bites you but does no damage.
The cerulean imp hits you from afar with a +2 spear.
You are too injured to fight recklessly!
You feel very mighty all of a sudden. You block the cerulean imp's attack.
The rat bites you.
The cerulean imp hits you from afar with a +2 spear.
* * * LOW HITPOINT WARNING * * *
You slash the rat!
You kill the rat!
The cerulean imp disappears in a puff of smoke!
The cerulean imp barely misses you. Natasha closely misses you.
The cerulean imp hits you but does no damage.
You closely miss Natasha.
The cerulean imp disappears in a puff of smoke!
Natasha claws you but does no damage.
The cerulean imp hits you from afar with a +2 spear.
* * * LOW HITPOINT WARNING * * *
Natasha claws you but does no damage.
You hit Natasha.
Natasha is lightly wounded.
The cerulean imp hits you from afar with a +2 spear.
* * * LOW HITPOINT WARNING * * *
Natasha claws you.
You die...
Natasha begins licking her fur clean.

..####.......###.#
#........##.#
##.#.###.##.# #..#.##.##.#
.####.###.#.##.#
.......#.......#
##.....##.#### ##.......#
###@##### ##h## ####...##
#..5# #....... #...#
#......# #...# #.._...
#...# #..... #...# .=.. #
#†..#### #.####.###
########...##.###..†)....#


You could see Natasha and a cerulean imp (summoned).

Vanquished Creatures
  A ribbon worm (D:2)
  3 endoplasms
  4 goblins
  2 jackals (D:1)
  A bat (D:2)
  A frilled lizard (D:1)
  4 kobolds
  2 rats
18 creatures vanquished.

Notes
Turn   | Place    | Note
-------+----------+-------------------------------------------
     0 | D:1      | CromulentBort the Mountain Dwarf Fighter began the quest
                  | for the Orb.
     0 | D:1      | Reached XP level 1. HP: 19/19 MP: 1/1
   118 | D:1      | Reached XP level 2. HP: 24/27 MP: 2/2
   195 | D:1      | Reached skill level 4 in Fighting
   252 | D:1      | You fall into a shaft and drop 1 floor!
   380 | D:2      | Found a shimmering blue altar of Sif Muna.
   389 | D:2      | Noticed Natasha
   419 | D:2      | Slain by Natasha

Illustrated notes

Levels and vault maps discovered:
D:1:      dpeg_arrival_solitude, layout_basic, serial_shops, shop
D:2:      layout_loops_cross, basic_altar, basic_ecumenical_altar, uniq_natasha

Skill      XL: |  1  2 |
---------------+-------+-----
Fighting       | 4 |  4.4
Axes           | |  2.4
Armour         | |  3.2
Shields        | |  3.2

Action                     || total
---------------------------++-------
  Melee: War axe           ||    63
    Use: Potion            ||     1
 Armour: Scale mail        ||    68
  Dodge: Dodged            ||    36
  Block: Buckler           ||    19

Table legend: (Time is in decaauts)
 A = Elapsed time spent in this place.
 B = Non-inter-level travel time spent in this place.
 C = Inter-level travel time spent in this place.
 D = Time resting spent in this place.
 E = Time spent auto-exploring this place.
 F = Levels seen in this place.
 G = Mean time per level.
                   A        B        C        D        E       F      G
               +--------+--------+--------+--------+--------+-----+--------+
         Total |    445 |    445 |      0 |      0 |    271 |   2 |  222.5 |
       Dungeon |    445 |    445 |      0 |      0 |    271 |   2 |  222.5 |
               +--------+--------+--------+--------+--------+-----+--------+

Top non-repeatable levels by time:
     D:1: 263 daAuts
     D:2: 181 daAuts
